[Event "FRA-ch Youth U14 2018"]
[Site "Agen"]
[Date "2018.04.17"]
[Round "4"]
[White "Moracchini, Margaux"]
[Black "Amr-Tardif, Corail"]
[Result "0-1"]
[ECO "B07"]
[WhiteElo "1939"]
[BlackElo "1495"]
[Annotator "NA"]
[PlyCount "108"]
[EventDate "2018.??.??"]
[EventType "swiss"]
[EventCountry "FRA"]
[SourceTitle "playchess.com"]
[Source "ChessBase"]
[SourceQuality "1"]
[TimeControl "5400+30"]

1. e4 d6 2. d4 Nf6 3. Nc3 g6 4. g3 Bg7 5. Bg2 O-O 6. Nge2 c6 7. a4 e5 8. h3 exd4 9. Nxd4 Nbd7 10. O-O Nc5 {[%emt 0:01:57] LiveBook: 3 Games B07: Pirc Defence: Miscellaneous Systems} 11. Kh2 $146 ({Predecessor:} 11. a5 $14 Re8 12. Re1 d5 13. exd5 Rxe1+ 14. Qxe1 Nxd5 15. Nxd5 cxd5 16. Be3 Ne6 17. Rd1 Qc7 18. Nb5 Qxc2 19. Bxd5 Qxb2 20. Nxa7 Bd7 21. a6 Bc6 22. Nxc6 bxc6 23. Bxe6 fxe6 24. a7 Qa2 25. Qb4 Rf8 26. Qxf8+ {1-0 (26) Cuenca Jimenez,J (2493)-Hernando Rodrigo,J (2302) Montcada 2011}) 11... Ne6 12. Nde2 Qc7 13. Be3 Re8 14. f4 Nc5 15. Bxc5 dxc5 16. e5 Rd8 17. Qc1 Nd5 18. Nxd5 cxd5 19. Nc3 Be6 20. Rd1 d4 21. Nb5 Qb6 22. Nd6 Rab8 23. Qd2 a6 24. b4 cxb4 25. Qxd4 $11 Qxd4 26. Rxd4 Rbc8 27. Rd2 Bf8 28. Bxb7 Rc7 29. Bxa6 Bxd6 30. Rad1 b3 31. exd6 Rxc2 32. Re2 Rxe2+ 33. Bxe2 Bf5 34. Rd2 Bc2 35. Bd1 Bxd1 36. Rxd1 Kf8 37. Kg2 Ke8 38. Re1+ Kd7 39. Rd1 Rb8 40. Kf3 b2 41. Rb1 Kxd6 42. a5 Rb3+ 43. Ke4 Kc5 44. g4 Kc4 45. a6 Kc3 46. a7 Ra3 47. Rg1 Rxa7 48. Ke5 Ra1 49. Rg3+ Kc4 50. Kf6 b1=Q 51. Kxf7 Ra7+ 52. Kf6 Qb6+ 53. Kg5 Ra5+ 54. Kh6 g5+ 0-1

[Event "FRA-ch Youth U14 2018"]
[Site "Agen"]
[Date "2018.04.17"]
[Round "4"]
[White "Randrianarimanana, Alicia"]
[Black "Tomasi, Elise"]
[Result "1-0"]
[ECO "C26"]
[WhiteElo "1872"]
[BlackElo "1689"]
[Annotator "NA"]
[PlyCount "41"]
[EventDate "2018.??.??"]
[EventType "swiss"]
[EventCountry "FRA"]
[SourceTitle "playchess.com"]
[Source "ChessBase"]
[SourceQuality "1"]
[TimeControl "5400+30"]

1. e4 e5 2. Nc3 Nf6 3. Bc4 Bc5 4. d3 Nc6 5. f4 d6 6. Na4 Bb6 7. Nxb6 axb6 8. Nf3 O-O 9. O-O {[%emt 0:00:43] C27: Vienna Game: 2...Nf6 3 Bc4 Nxe4} Qe7 (9... Na5 10. Nd2 exf4 11. Rxf4 Nxc4 12. Nxc4 d5 13. exd5 Nxd5 14. Rf2 Re8 15. Qf3 Re1+ 16. Rf1 Rxf1+ 17. Qxf1 {½-½ (24) Adhiban,B (2655)-Movsesian,S (2647) Riadh 2017}) 10. c3 Na5 11. Bd5 c6 12. Bxf7+ $146 ({Find the theoretical novelty and annotate with similar games:} 12. Bb3 Nxb3 13. Qxb3 b5 14. a3 Bg4 {½-½ (49) Shen,J (1810)-Mangei,J (1796) Hannover 2014}) 12... Rxf7 13. b4 Bg4 14. bxa5 Rxa5 15. h3 Bxf3 16. Qxf3 Ra8 17. c4 Nd7 18. Qg3 Raf8 19. Be3 exf4 $11 20. Bxf4 Ne5 21. Bxe5 1-0

[Event "FRA-ch Youth U14 2018"]
[Site "Agen"]
[Date "2018.04.17"]
[Round "4"]
[White "Sumarriva Paulin, Laura"]
[Black "Nguyen, Thao Nhi"]
[Result "1-0"]
[ECO "A43"]
[WhiteElo "1665"]
[BlackElo "1861"]
[Annotator "NA"]
[PlyCount "40"]
[EventDate "2018.??.??"]
[EventType "swiss"]
[EventCountry "FRA"]
[SourceTitle "playchess.com"]
[Source "ChessBase"]
[SourceQuality "1"]
[TimeControl "5400+30"]

1. d4 c5 2. e3 e6 3. c4 Nf6 4. Nc3 d5 5. Nf3 {[%emt 0:03:17] LiveBook: 2302 Games} Nc6 6. Bd3 Be7 $11 7. O-O O-O 8. dxc5 Bxc5 9. a3 a5 10. Qc2 h6 11. b3 d4 12. Rd1 Kh8 13. Be4 Nxe4 14. Nxe4 Be7 15. exd4 f5 16. Ng3 Bf6 17. Bb2 Qe8 18. Re1 Bd7 19. d5 exd5 20. cxd5 Nd8 1-0

[Event "FRA-ch Youth U14 2018"]
[Site "Agen"]
[Date "2018.04.17"]
[Round "4"]
[White "Gattegno-Graciet, Maylis"]
[Black "Chemla, Anouk"]
[Result "0-1"]
[ECO "A48"]
[WhiteElo "1588"]
[BlackElo "1705"]
[Annotator "NA"]
[PlyCount "122"]
[EventDate "2018.??.??"]
[EventType "swiss"]
[EventCountry "FRA"]
[SourceTitle "playchess.com"]
[Source "ChessBase"]
[SourceQuality "1"]
[TimeControl "5400+30"]

1. d4 Nf6 2. Nf3 g6 3. Bg5 Bg7 4. e3 O-O 5. c4 c5 6. Nc3 d6 7. Be2 Nbd7 8. O-O h6 9. Bh4 g5 10. Bg3 Nh5 11. Qc2 Nxg3 12. hxg3 b6 13. Rad1 Bb7 14. b3 a6 15. d5 Qc7 16. Nd2 Nf6 17. Nde4 Nxe4 18. Nxe4 Bc8 19. Nc3 Bd7 20. Bd3 Rfb8 21. Ne2 b5 22. Rb1 b4 23. Bf5 a5 24. Bxd7 Qxd7 25. Nc1 a4 26. Nd3 axb3 27. axb3 Ra3 28. Ne1 Rba8 29. Nf3 Ra2 30. Qd3 R8a3 31. Rfd1 Qa7 32. Rd2 Bc3 33. Rxa2 Rxa2 34. Qe4 Bf6 35. Qf5 Re2 36. Nh2 Qa8 37. Ng4 Bg7 38. Qd3 Qa2 39. Qf5 Qc2 40. Qxc2 Rxc2 41. e4 Rd2 42. Re1 h5 43. Ne3 Bd4 44. Kf1 Rb2 45. f4 Rxb3 46. Nf5 Bc3 47. Re3 Rb1+ 48. Ke2 Re1+ 49. Kd3 Rxe3+ 50. Kxe3 Bf6 51. Kd3 g4 52. Kc2 Kf8 53. Ne3 Bd4 54. Nf1 Kg7 55. Kb3 Kg6 56. Kc2 f5 57. exf5+ Kxf5 58. Kb3 Ke4 59. Kc2 Bf2 60. Kb2 Kd3 61. Kb3 Ke2 0-1

[Event "FRA-ch Youth U14 2018"]
[Site "Agen"]
[Date "2018.04.18"]
[Round "5"]
[White "Popov, Konstantin"]
[Black "Cohen Revivo, Shoham"]
[Result "1/2-1/2"]
[ECO "C07"]
[WhiteElo "2150"]
[BlackElo "2180"]
[Annotator "NA"]
[PlyCount "117"]
[EventDate "2018.??.??"]
[EventType "swiss"]
[EventCountry "FRA"]
[SourceTitle "playchess.com"]
[Source "ChessBase"]
[SourceQuality "1"]
[TimeControl "5400+30"]

1. e4 e6 2. d4 d5 3. Nd2 c5 4. Ngf3 cxd4 5. Nxd4 Nc6 6. Bb5 Bd7 7. Nxc6 bxc6 8. Bd3 Qc7 9. Qe2 {[%emt 0:00:48] C07: French Tarrasch: 3...c5, 4 Ngf3 and 4 exd5 Qxd5} Ne7 10. Nf3 Ng6 11. O-O (11. e5 Rb8 12. c3 Be7 13. h4 f6 14. Bxg6+ hxg6 15. Bf4 f5 16. Bg5 Bxg5 17. Nxg5 {½-½ (47) Malakhov,V (2691)-Gharamian,T (2626) Mali Losinj 2017}) 11... Bd6 {[%emt 0:02:37] LiveBook: 15 Games} 12. Re1 Nf4 13. Bxf4 Bxf4 14. c4 dxc4 $146 ({Predecessor:} 14... O-O 15. exd5 cxd5 16. g3 Bh6 {1-0 (31) Oratovsky,M (2473)-Ider,B (2465) Elgoibar 2016}) 15. Bxc4 O-O 16. e5 c5 17. Qe4 Bh6 18. Bd3 g6 19. Qh4 Bg7 20. Rac1 Bc6 21. Rxc5 Qb6 22. Rxc6 ({Much worse is} 22. Ng5 h6 $17) 22... Qxc6 23. Be4 Qa4 24. Bxa8 Qxh4 25. Nxh4 Rxa8 26. f4 Rc8 27. Re2 Bf8 28. g3 Rc1+ 29. Kg2 Bc5 30. Nf3 h6 31. Ne1 Bb6 32. Kf3 Rd1 33. Nc2 $14 Kg7 34. Na3 g5 35. Nc4 Rf1+ 36. Ke4 Bc5 37. a3 g4 38. b4 Bg1 39. a4 Rf3 40. Ne3 Bxe3 41. Rxe3 Rf2 42. a5 Rb2 43. Rd3 Rxb4+ 44. Rd4 Rb2 45. f5 h5 46. fxe6 fxe6 47. Rd7+ Kg6 48. Rxa7 Rxh2 49. a6 Ra2 50. Ra8 Ra4+ 51. Ke3 Kf5 52. Rh8 Rxa6 53. Rxh5+ Kg6 54. Rh8 Ra3+ 55. Kf4 Ra4+ 56. Ke3 Ra3+ 57. Kf4 Ra4+ 58. Ke3 Ra3+ 59. Kf4 1/2-1/2

[Event "FRA-ch Youth U14 2018"]
[Site "Agen"]
[Date "2018.04.18"]
[Round "5"]
[White "Ciccoli, Theo"]
[Black "Girel, Joseph"]
[Result "1/2-1/2"]
[ECO "A48"]
[WhiteElo "2126"]
[BlackElo "1969"]
[Annotator "NA"]
[PlyCount "61"]
[EventDate "2018.??.??"]
[EventType "swiss"]
[EventCountry "FRA"]
[SourceTitle "playchess.com"]
[Source "ChessBase"]
[SourceQuality "1"]
[TimeControl "5400+30"]

1. d4 Nf6 2. Nf3 g6 3. Nc3 d5 4. Bf4 Bg7 5. e3 a6 6. Be2 O-O 7. Ne5 {[%emt 0:00:45] D00: 1 d4 d5: Unusual lines} Nbd7 (7... b6 8. h4 Bb7 9. h5 c5 10. hxg6 hxg6 11. Qd2 Nc6 12. O-O-O b5 13. f3 Qa5 14. a3 Rfc8 15. dxc5 {0-1 (93) Ravi,T (2375)-Amonatov,F (2636) New Delhi 2018}) 8. h4 c5 9. h5 b5 $146 ({Predecessor:} 9... Re8 10. hxg6 hxg6 11. Bf3 e6 12. g4 b5 13. Qd2 c4 {0-1 (45) Bromann,T (2387)-Haubro,M (2297) Denmark 2017}) 10. hxg6 hxg6 11. Nc6 Qe8 12. dxc5 e5 13. Bg5 Nxc5 14. Nxd5 Nxd5 15. Qxd5 Bb7 16. Qxc5 Qxc6 17. Qxc6 Bxc6 18. O-O f6 19. Bh4 g5 20. Bg3 f5 21. Rad1 f4 22. Bh2 Rf6 23. Rd2 Bf8 24. exf4 gxf4 $11 25. Rfd1 Ra7 26. Bg4 Rg7 27. Bh3 Rh6 28. Kf1 f3 29. Bg3 fxg2+ 30. Bxg2 Bxg2+ 31. Kxg2 1/2-1/2

[Event "FRA-ch Youth U14 2018"]
[Site "Agen"]
[Date "2018.04.18"]
[Round "5"]
[White "Bassini, Emile"]
[Black "Nguyen-Cadoret, Nathan"]
[Result "1-0"]
[ECO "E91"]
[WhiteElo "2021"]
[BlackElo "1964"]
[Annotator "NA"]
[PlyCount "97"]
[EventDate "2018.??.??"]
[EventType "swiss"]
[EventCountry "FRA"]
[SourceTitle "playchess.com"]
[Source "ChessBase"]
[SourceQuality "1"]
[TimeControl "5400+30"]

1. d4 Nf6 2. c4 g6 3. Nc3 Bg7 4. e4 d6 5. Nf3 O-O 6. Be2 Nbd7 7. Bg5 e5 8. d5 a5 9. Nd2 Nc5 {[%emt 0:07:07] LiveBook: 36 Games} 10. g4 {[%emt 0:05:19] E92: King's Indian: Classical: 6 Be2 e5: 7 dxe5, 7 Be3 and Petrosian System without 7...Nbd7} (10. O-O h6 11. Be3 Nh7 12. a3 f5 13. b4 axb4 14. axb4 Rxa1 15. Qxa1 Na6 16. Qa3 f4 17. Ba7 g5 18. c5 g4 {0-1 (40) Dominguez Perez,L (2732)-Mamedov,R (2650) Huaian 2016}) 10... Bd7 11. h4 h6 12. Be3 Nh7 13. h5 Ng5 14. hxg6 fxg6 15. Qc2 Nf7 $146 ({Predecessor:} 15... a4 16. O-O-O Qe7 17. Rh2 {0-1 (34) Gonzalez Perez,A (2476)-Aguera Naredo,J (2364) Sanxenxo 2017}) 16. O-O-O g5 17. Nf1 Qe8 18. Ng3 Na4 19. Nb5 Bxb5 20. cxb5 Nb6 21. Kb1 Qd7 22. Nf5 Rfc8 23. Rc1 Kf8 24. a4 $18 Qd8 25. Qb3 Nd7 26. Rc3 b6 27. Ka2 Qf6 28. Rhc1 Nc5 29. Bxc5 dxc5 30. d6 cxd6 31. Rf3 Ra7 32. Bc4 Rcc7 33. Rd1 Rd7 34. Be6 h5 35. Nxd6 Rxd6 36. Rxd6 Nxd6 37. Rxf6+ Bxf6 38. Qd5 Ne8 39. gxh5 Re7 40. h6 Nc7 41. Qd8+ Ne8 42. Qxb6 Rh7 43. Qxc5+ Be7 44. Qxe5 Rxh6 45. b6 Bd6 46. Qd5 Rf6 47. b7 Ke7 48. e5 Rxe6 49. Qxe6+ 1-0

[Event "FRA-ch Youth U14 2018"]
[Site "Agen"]
[Date "2018.04.18"]
[Round "5"]
[White "Raclot, Leo"]
[Black "Lary, Damien"]
[Result "0-1"]
[ECO "C04"]
[WhiteElo "2006"]
[BlackElo "2072"]
[Annotator "NA"]
[PlyCount "24"]
[EventDate "2018.??.??"]
[EventType "swiss"]
[EventCountry "FRA"]
[SourceTitle "playchess.com"]
[Source "ChessBase"]
[SourceQuality "1"]
[TimeControl "5400+30"]

1. e4 e6 2. d4 d5 3. Nd2 Nc6 4. Ngf3 Nf6 5. e5 Nd7 6. Bd3 f6 7. exf6 Qxf6 8. c3 Bd6 9. O-O O-O {[%emt 0:00:39] LiveBook: 8 Games} 10. Nb3 (10. Bb1 $11) 10... e5 11. dxe5 $15 Ndxe5 12. Be2 Bg4 0-1

[Event "FRA-ch Youth U14 2018"]
[Site "Agen"]
[Date "2018.04.18"]
[Round "5"]
[White "Chemla, Anouk"]
[Black "Randrianarimanana, Alicia"]
[Result "0-1"]
[ECO "A04"]
[WhiteElo "1705"]
[BlackElo "1872"]
[Annotator "NA"]
[PlyCount "98"]
[EventDate "2018.??.??"]
[EventType "swiss"]
[EventCountry "FRA"]
[SourceTitle "playchess.com"]
[Source "ChessBase"]
[SourceQuality "1"]
[TimeControl "5400+30"]

1. Nf3 g6 2. e4 c5 3. g3 Bg7 4. Bg2 Nc6 5. O-O e6 6. d3 Nge7 7. Nc3 {[%emt 0:01:47] LiveBook: 64 Games} d5 8. Re1 {[%emt 0:07:07] B24: Closed Sicilian: 3 g3 sidelines} (8. exd5 exd5 9. Bf4 O-O 10. Qd2 b6 11. Rae1 Bb7 12. Nb5 Nf5 13. g4 Ncd4 14. Nfxd4 Nxd4 15. Nd6 Bc6 16. c3 Ne6 17. c4 Nxf4 18. Qxf4 Qc7 19. cxd5 Bb5 20. Qg3 Bxd3 21. Qxd3 Qxd6 22. b3 {½-½ (22) Vajda,L (2556)-Zhou,Y (2464) Sunny Beach 2014}) 8... h6 ({Better is} 8... d4 $15 9. Na4 b6) 9. exd5 exd5 10. Bf4 $146 ({Predecessor:} 10. d4 cxd4 11. Nb5 Bg4 12. Bf4 O-O 13. h3 Bxf3 14. Qxf3 {0-1 (49) Gaag,E (2370)-Gavryushin,O (2350) Pskov 1998}) 10... a6 11. Nxd5 O-O 12. Nxe7+ Nxe7 13. Be5 f6 14. Bc3 Nd5 15. Bd2 Nb6 16. Qc1 g5 17. Be3 Qd6 18. h4 Bf5 19. Nd2 Qc7 20. Ne4 Nd7 21. Qd2 Rad8 22. Qc3 b6 $16 23. Qc4+ Kh7 24. Qxa6 Be6 25. hxg5 fxg5 26. Bxg5 Ra8 27. Nf6+ Nxf6 28. Bxa8 Bc8 29. Qc4 hxg5 30. Bg2 Ng4 31. Qe4+ Kh8 32. Qc6 Qxc6 33. Bxc6 Bxb2 34. Rab1 Bd4 35. Re7 Rxf2 36. Re8+ Kg7 37. Rxb6 c4 38. Rb8 Be6 39. Rb7+ Bf7 40. Re4 Rf4+ 41. Kg2 Rxe4 42. dxe4 Ne3+ 43. Kf3 Kg6 44. a4 Nxc2 45. Bb5 c3 46. Bd3 Ne1+ 47. Ke2 c2 48. e5+ Nxd3 49. Rc7 Ne1 0-1

[Event "FRA-ch Youth U14 2018"]
[Site "Agen"]
[Date "2018.04.18"]
[Round "5"]
[White "Lepape, Eleonore"]
[Black "Sumarriva Paulin, Laura"]
[Result "1/2-1/2"]
[ECO "D20"]
[WhiteElo "1531"]
[BlackElo "1665"]
[Annotator "NA"]
[PlyCount "56"]
[EventDate "2018.??.??"]
[EventType "swiss"]
[EventCountry "FRA"]
[SourceTitle "playchess.com"]
[Source "ChessBase"]
[SourceQuality "1"]
[TimeControl "5400+30"]

1. d4 d5 2. c4 dxc4 3. a4 e6 4. e3 c5 5. Nf3 Nf6 6. Bxc4 Nc6 7. O-O Be7 8. Nc3 O-O 9. Re1 a6 10. Ne5 Nb4 11. h3 Qc7 12. Bf1 Nbd5 13. g4 Nxc3 14. bxc3 Ne4 15. Qd3 Ng5 16. h4 f6 17. hxg5 fxe5 18. g6 h6 19. Bg2 Bh4 20. Rf1 exd4 21. exd4 cxd4 22. Qh3 Be7 23. g5 Qxc3 24. Qxc3 dxc3 25. gxh6 gxh6 26. Bxh6 Rd8 27. Rac1 Bf6 28. f4 Bg7 1/2-1/2

[Event "FRA-ch Youth U14 2018"]
[Site "Agen"]
[Date "2018.04.18"]
[Round "5"]
[White "Amr-Tardif, Corail"]
[Black "Courjal, Pauline"]
[Result "1/2-1/2"]
[ECO "C00"]
[WhiteElo "1495"]
[BlackElo "1509"]
[Annotator "NA"]
[PlyCount "142"]
[EventDate "2018.??.??"]
[EventType "swiss"]
[EventCountry "FRA"]
[SourceTitle "playchess.com"]
[Source "ChessBase"]
[SourceQuality "1"]
[TimeControl "5400+30"]

1. e4 e6 2. d3 d5 3. Nd2 dxe4 4. dxe4 b6 5. Bb5+ Nd7 6. Ngf3 Bb7 7. O-O c6 8. Be2 Ngf6 9. e5 Nd5 10. Ne4 Nc5 11. Nd6+ Bxd6 12. exd6 O-O 13. c4 Nf6 14. Ne5 Ncd7 15. f4 b5 16. cxb5 cxb5 17. Kh1 Qb6 18. Bf3 Bxf3 19. Rxf3 Nxe5 20. Be3 Qa5 21. fxe5 Nd5 22. Bc5 b4 23. Bf2 Rfb8 24. Qd2 Qd8 25. Rg3 a5 26. Be3 Rb7 27. Rf1 a4 28. Bh6 f6 29. exf6 Nxf6 30. Bg5 Ne4 31. Bxd8 Nxd2 32. Rd1 Ne4 33. Kg1 Nxg3 34. Be7 Nf5 35. d7 Nxe7 36. d8=Q+ Rxd8 37. Rxd8+ Kf7 38. Ra8 a3 39. bxa3 bxa3 40. Rxa3 Nd5 41. Rf3+ Ke7 42. a4 Rb1+ 43. Kf2 Ra1 44. Rg3 Ra2+ 45. Kf1 g6 46. Rh3 h5 47. Rg3 Rxa4 48. Rxg6 Rg4 49. Rxg4 hxg4 50. Kf2 Kf6 51. h3 gxh3 52. gxh3 Kg5 53. Kg3 e5 54. Kf3 Ne7 55. Kg3 Ng6 56. Kh2 Nf4 57. Kg3 Ng6 58. Kh2 Kh4 59. Kg2 Nf4+ 60. Kf3 Kxh3 61. Ke4 Ng6 62. Kf3 Kh4 63. Ke4 Kg4 64. Ke3 Kf5 65. Kf3 e4+ 66. Ke3 Ne5 67. Ke2 Kf4 68. Kf2 e3+ 69. Ke2 Ke4 70. Kf1 Kd3 71. Ke1 e2 1/2-1/2

[Event "FRA-ch Youth U14 2018"]
[Site "Agen"]
[Date "2018.04.18"]
[Round "5"]
[White "Blanquet, Camille"]
[Black "Bellahcene, Sofia"]
[Result "0-1"]
[ECO "B35"]
[WhiteElo "1482"]
[BlackElo "1701"]
[Annotator "NA"]
[PlyCount "96"]
[EventDate "2018.??.??"]
[EventType "swiss"]
[EventCountry "FRA"]
[SourceTitle "playchess.com"]
[Source "ChessBase"]
[SourceQuality "1"]
[TimeControl "5400+30"]

1. e4 c5 2. Nf3 Nc6 3. d4 cxd4 4. Nxd4 g6 5. Nc3 Bg7 6. Be3 Nf6 7. Bc4 Qa5 8. f3 Qb4 9. Bb3 Nxe4 10. fxe4 Bxd4 11. Bxd4 Qxd4 12. Qxd4 Nxd4 13. Ba4 O-O 14. O-O-O e5 15. h4 d6 16. Nd5 Be6 17. Bb3 Kg7 18. c3 Nxb3+ 19. axb3 Bg4 20. Rd2 Rad8 21. Ne3 Be6 22. Kc2 f5 23. exf5 gxf5 24. Rhd1 f4 25. Nc4 Bxc4 26. bxc4 e4 27. Rxd6 Rxd6 28. Rxd6 f3 29. gxf3 exf3 30. Rd1 Rf4 31. Rf1 Rxc4 32. Rxf3 Rxh4 33. Rd3 Rf4 34. Rg3+ Kf7 35. Rd3 Re4 36. Rh3 Kg6 37. Rd3 Re7 38. c4 h5 39. Rg3+ Kf5 40. Kd3 h4 41. Rg8 Rh7 42. Rg1 h3 43. Ke3 h2 44. Rh1 Kg4 45. Kf2 Kh3 46. Rd1 Rf7+ 47. Ke3 Kg2 48. Rd2+ Kg1 0-1

[Event "FRA-ch Youth U14 2018"]
[Site "Agen"]
[Date "2018.04.19"]
[Round "6"]
[White "Boyer, Mahel"]
[Black "Decuigniere, Tom"]
[Result "1/2-1/2"]
[ECO "B20"]
[WhiteElo "2208"]
[BlackElo "1962"]
[Annotator "NA"]
[PlyCount "71"]
[EventDate "2018.??.??"]
[EventType "swiss"]
[EventCountry "FRA"]
[SourceTitle "playchess.com"]
[Source "ChessBase"]
[SourceQuality "1"]
[TimeControl "5400+30"]

1. e4 c5 2. d3 Nc6 3. g3 d5 4. Nd2 Nf6 5. Bg2 g6 6. Ngf3 Bg7 7. O-O O-O 8. Re1 b6 9. c3 dxe4 10. dxe4 Ng4 11. e5 {[%emt 0:18:47] A08: King's Indian Attack} Bd7 $146 ({Predecessor:} 11... Bb7 12. h3 Nh6 13. Qe2 f5 14. Ng5 Qc8 15. Qc4+ Kh8 16. Ndf3 Rd8 17. Qh4 Na5 18. e6 Qc6 19. Nxh7 Kxh7 {1-0 (29) Weindl,A (2357)-Lerch,P (2269) Germany 2008}) 12. Nc4 Be6 13. Qe2 Bxc4 14. Qxc4 Ngxe5 15. Nxe5 Nxe5 16. Qe4 Rc8 17. Bg5 f6 18. Rad1 Qc7 19. Bf4 Rcd8 20. Bxe5 fxe5 21. Qc4+ Kh8 22. Bd5 $11 Rd6 23. Qg4 Qd7 24. Qxd7 Rxd7 25. Kf1 Rfd8 26. Bb3 Rxd1 27. Rxd1 Rxd1+ 28. Bxd1 Kg8 29. Ke2 Kf8 30. Kd3 Ke8 31. Kc4 Kd7 32. Kd5 e6+ 33. Kc4 Bh6 34. Kb5 Bc1 35. b3 Kc7 36. Bg4 1/2-1/2

[Event "FRA-ch Youth U14 2018"]
[Site "Agen"]
[Date "2018.04.19"]
[Round "6"]
[White "Cohen Revivo, Shoham"]
[Black "Bassini, Emile"]
[Result "0-1"]
[ECO "B90"]
[WhiteElo "2180"]
[BlackElo "2021"]
[Annotator "NA"]
[PlyCount "147"]
[EventDate "2018.??.??"]
[EventType "swiss"]
[EventCountry "FRA"]
[SourceTitle "playchess.com"]
[Source "ChessBase"]
[SourceQuality "1"]
[TimeControl "5400+30"]

1. e4 c5 2. Nf3 d6 3. d4 cxd4 4. Nxd4 Nf6 5. Nc3 a6 6. Bc4 e6 7. O-O b5 {[%emt 0:01:00] B86: Sicilian Scheveningen/Najdorf: 6 Bc4, without early ...b5} 8. Bd3 (8. Bb3 Be7 9. Qf3 Qb6 10. Be3 Qb7 11. Qg3 Nbd7 12. f3 b4 13. Na4 O-O 14. Rfd1 Rb8 15. Ne2 Ne5 16. a3 a5 17. axb4 axb4 18. Nb6 Qc7 19. Qf2 Nfd7 20. Ra7 Rb7 21. Nxc8 Rxc8 22. Rxb7 Qxb7 {0-1 (29) Ivanchuk,V (2726)-Artemiev,V (2691) Huaian 2017}) 8... Qc7 9. a3 Nbd7 10. Re1 Bb7 11. Bg5 Be7 12. Qd2 $146 ({Predecessor:} 12. Nf3 O-O 13. h3 Rad8 14. Rc1 Rfe8 15. Nb1 {1-0 (33) Mikus,T (1861)-Svonavec,S (1985) Slovakia 2016}) 12... O-O 13. Rad1 Rac8 14. Kh1 Qb6 15. Be3 Qc7 16. f3 d5 17. exd5 Nxd5 18. Nxd5 Bxd5 19. Bf4 Bd6 20. Bxd6 Qxd6 21. c3 Nb6 22. Qg5 Nc4 23. Re2 Qb6 24. Bxc4 Bxc4 25. Re4 Rc5 26. Qg3 g6 27. h4 Bd5 28. Re3 Rfc8 29. Rde1 Bb7 30. Re5 Qc7 31. Qg5 Rxe5 32. Rxe5 Qd8 33. Qg3 Qc7 34. f4 Qc4 35. h5 Rd8 36. Kh2 Rd5 37. h6 f6 38. Qh4 Kf7 39. Rxd5 Qxd5 40. Qg4 Qe4 41. Qg3 Bd5 42. Nf3 Qf5 43. Nh4 Qh5 44. f5 e5 45. fxg6+ hxg6 46. Qh3 Be6 47. Qe3 Qxh4+ 48. Kg1 Bd7 49. Qa7 Qe1+ 50. Kh2 Qd2 51. h7 Kg7 52. Qxa6 Kxh7 53. Kg1 Qc1+ 54. Kh2 Qf4+ 55. Kg1 e4 56. Qb7 Qf5 57. Qa7 g5 58. Qe3 Kg6 59. b3 Be6 60. a4 bxa4 61. bxa4 Bc4 62. Qd4 Qd5 63. Qb6 g4 64. Qb8 Qc5+ 65. Kh1 e3 66. Qe8+ Bf7 67. Qe4+ f5 68. Qd3 g3 69. a5 Qd5 70. Qa6+ Kg5 71. Qf1 Qd8 72. Qf3 Qh8+ 73. Kg1 Qh2+ 74. Kf1 0-1

[Event "FRA-ch Youth U14 2018"]
[Site "Agen"]
[Date "2018.04.19"]
[Round "6"]
[White "Lary, Damien"]
[Black "Ciccoli, Theo"]
[Result "1/2-1/2"]
[ECO "B71"]
[WhiteElo "2072"]
[BlackElo "2126"]
[Annotator "NA"]
[PlyCount "83"]
[EventDate "2018.??.??"]
[EventType "swiss"]
[EventCountry "FRA"]
[SourceTitle "playchess.com"]
[Source "ChessBase"]
[SourceQuality "1"]
[TimeControl "5400+30"]

1. Nf3 c5 2. e4 d6 3. d4 cxd4 4. Nxd4 Nf6 5. Nc3 g6 6. f4 Nc6 7. Nxc6 bxc6 8. e5 Nd7 9. exd6 exd6 10. Be3 Be7 11. Be2 O-O 12. O-O Nb6 13. b3 Re8 14. Qd2 Bf6 15. Bf3 d5 16. Rad1 Bf5 17. Ne2 Qc7 18. Bd4 Bxd4+ 19. Nxd4 Bd7 20. f5 c5 21. f6 Qd6 22. Ne2 Re6 23. Nc3 Bc6 24. Nxd5 Nxd5 25. Bxd5 Bxd5 26. Qxd5 Rd8 27. Qf3 Qf8 28. Qc3 Red6 29. Rde1 Rd2 30. Re7 h5 31. Rfe1 Qh6 32. Qxc5 Qf4 33. Re8+ Kh7 34. Rxd8 Rxd8 35. Rf1 Qe4 36. Qxa7 Rd2 37. Qxf7+ Kh6 38. Qf8+ Kg5 39. Qc5+ Kh6 40. Qf8+ Kg5 41. Qc5+ Kh6 42. Qf8+ 1/2-1/2

[Event "FRA-ch Youth U14 2018"]
[Site "Agen"]
[Date "2018.04.19"]
[Round "6"]
[White "Yuan, Beline"]
[Black "Tomasi, Elise"]
[Result "1/2-1/2"]
[ECO "D53"]
[WhiteElo "2035"]
[BlackElo "1689"]
[Annotator "NA"]
[PlyCount "105"]
[EventDate "2018.??.??"]
[EventType "swiss"]
[EventCountry "FRA"]
[SourceTitle "playchess.com"]
[Source "ChessBase"]
[SourceQuality "1"]
[TimeControl "5400+30"]

1. d4 d5 2. c4 e6 3. Nc3 Nf6 4. Bg5 Be7 5. e3 O-O 6. Bd3 h6 7. Bh4 b6 {[%emt 0:01:14] D53: Queen's Gambit Declined: 4 Bg5 Be7: Early deviations} (7... Nbd7 8. Nf3 c5 9. O-O cxd4 10. exd4 dxc4 11. Bxc4 Nb6 12. Bb3 Bd7 13. Ne5 Bc6 14. Nxc6 bxc6 15. Rc1 Rc8 16. Na4 Nxa4 17. Bxa4 Nd5 18. Bxe7 Nxe7 19. b3 Nf5 20. Rxc6 Rxc6 21. Bxc6 Qxd4 {½-½ (30) Adly,A (2597)-Sargissian,G (2666) Dubai 2017}) 8. cxd5 Nxd5 9. Bg3 Bb7 10. Nf3 c5 11. Rc1 Nc6 12. O-O Rc8 13. Bb1 cxd4 14. exd4 Nxc3 15. Rxc3 $146 ({Predecessor:} 15. bxc3 Bf6 16. Qd3 g6 17. Qe3 Kg7 18. h4 {½-½ (18) Savola,L (2034)-Paldanius,P (2251) Tampere 2008}) 15... Bf6 16. Qd3 g6 17. Rd1 Qd5 18. Qe3 Nxd4 19. Rxd4 Bxd4 20. Qxd4 Qxd4 21. Nxd4 Rcd8 22. Be5 Rd5 23. f4 f6 24. Be4 $15 Rxd4 25. Bxd4 Bxe4 26. Rc7 Rf7 27. Rc8+ Kg7 28. g3 Rd7 29. Bc3 Bd5 30. a3 Bb7 31. Rc4 Ba6 32. Re4 Kf7 33. Kf2 Bb7 34. Rc4 Ba6 35. Ra4 Bb5 36. Re4 Bc6 37. Re3 Rd1 38. Re1 Rxe1 39. Bxe1 e5 40. fxe5 fxe5 41. Bd2 h5 42. Ke3 Ke6 43. Bc3 Kf5 44. h4 Ke6 45. Kd3 Kd5 46. Ke3 e4 47. Kf4 Bd7 48. Ke3 Bc6 49. Kf4 Bd7 50. Ke3 Bc6 51. Kf4 Bd7 52. Ke3 Bc6 53. Kf4 {[%emt 0:00:08] Ke5+ Kxe4+} 1/2-1/2

[Event "FRA-ch Youth U14 2018"]
[Site "Agen"]
[Date "2018.04.19"]
[Round "6"]
[White "Brouard, Gregoire"]
[Black "Bacrot, Alexandre"]
[Result "0-1"]
[ECO "D31"]
[WhiteElo "1955"]
[BlackElo "2180"]
[Annotator "NA"]
[PlyCount "124"]
[EventDate "2018.??.??"]
[EventType "swiss"]
[EventCountry "FRA"]
[SourceTitle "playchess.com"]
[Source "ChessBase"]
[SourceQuality "1"]
[TimeControl "5400+30"]

1. d4 d5 2. c4 e6 3. Nc3 Be7 4. Nf3 Nf6 5. e3 O-O 6. h3 b6 7. cxd5 exd5 8. Bd3 Bb7 9. O-O c5 10. Qc2 Nc6 11. a3 c4 12. Be2 Na5 13. Ne5 $15 a6 14. f4 b5 15. Bf3 Nb3 16. Rb1 Qb6 17. g4 Rad8 18. Qg2 Rfe8 19. g5 Ne4 20. Nxe4 dxe4 21. Bxe4 Bxe4 22. Qxe4 Bd6 23. Qf5 Bxe5 24. fxe5 Re7 25. Rf2 Qe6 26. Qxe6 Rxe6 27. Kf1 h6 28. h4 hxg5 29. hxg5 Rd7 30. Ke1 Rg6 31. Rf5 Rd5 32. Ke2 Rxd4 33. exd4 Nxd4+ 34. Ke3 Nxf5+ 35. Ke4 Ne7 36. Bf4 Rc6 37. Rd1 Ng6 38. Rd8+ Kh7 39. Rd6 Rc5 40. Bh2 a5 41. Kd4 Rc7 42. Rd5 b4 43. axb4 axb4 44. Rb5 c3 45. bxc3 bxc3 46. Rb1 c2 47. Rc1 Nf8 48. Kd3 Ne6 49. Rxc2 Rxc2 50. Kxc2 Nxg5 51. Bf4 Ne6 52. Bg3 Kg6 53. Kd3 Kf5 54. Ke3 g5 55. Bh2 g4 56. Bg3 Ng5 57. Kd4 Ne4 58. Bh2 g3 59. Bg1 Ng5 60. Be3 Nf3+ 61. Kd5 Nxe5 62. Kd4 g2 0-1